 Dungeon Crawl Stone Soup version 0.28-b1-70-g80dc712255 (webtiles) character file.

Game seed: 15783050309195051466

1505 tizbic2 the Grave Robber (level 8, -8/80 HPs)
             Began as an Ogre Necromancer on Feb 3, 2022.
             Mangled by a two-headed ogre (14 damage)
             ... on level 5 of the Dungeon.
             The game lasted 00:25:20 (4279 turns).

tizbic2 the Grave Robber (Ogre Necromancer)         Turns: 4279, Time: 00:25:20

Health: -8/80      AC:  4    Str: 15    XL:     8   Next: 82%
Magic:  15/15      EV: 11    Int: 16    God:
Gold:   313        SH:  0    Dex: 15    Spells: 12/16 levels left

rFire   . . .      SeeInvis .   k - +3 quarterstaff (chaos)
rCold   . . .      Faith    .   (shield currently unavailable)
rNeg    . . .      Spirit   .   a - +0 robe
rPois   .          Reflect  .   (helmet restricted)
rElec   .          Harm     .   l - +0 cloak {Will+}
rCorr   .          Rampage  .   (gloves unavailable)
Will    +....                   (boots unavailable)
Stlth   ++........              h - amulet of magic regeneration
HPRegen 0.23/turn               p - +6 ring of dexterity
MPRegen 0.54/turn               (no ring)

@: no status effects
A: large, unfitting armour, tough skin 1
a: no special abilities


You were on level 5 of the Dungeon.
You visited 1 branch of the dungeon, and saw 5 of its levels.

You collected 313 gold pieces.

Inventory:

Hand Weapons
 k - a +3 quarterstaff of chaos (weapon)
 t - a +0 giant spiked club
Missiles
 b - 3 curare-tipped darts
 d - 92 stones (quivered)
 i - a silver javelin
 o - 10 boomerangs
Armour
 a - a +0 robe (worn)
 l - a +0 cloak of willpower (worn)
Jewellery
 h - an amulet of magic regeneration (around neck)
 p - a +6 ring of dexterity (left hand)
Wands
 j - a wand of digging (4)
 q - a wand of charming (10)
Scrolls
 m - 2 scrolls of amnesia
 n - a scroll of magic mapping
 r - a scroll of noise
 v - a scroll of enchant weapon {unknown}
Potions
 c - 2 potions of brilliance {unknown}
 e - a potion of ambrosia {unknown}
 f - a potion of berserk rage {unknown}
 g - a potion of lignification {unknown}
 s - a potion of magic
 u - a potion of degeneration {unknown}
 w - a potion of curing {unknown}


   Skills:
 + Level 5.0 Fighting
 * Level 5.6 Staves
 - Level 3.2 Dodging
 - Level 1.4 Stealth
 + Level 4.9 Spellcasting
 * Level 6.4 Necromancy
 + Level 1.9 Transmutations


You had 12 spell levels left.
You knew the following spells:

 Your Spells              Type           Power      Damage    Failure   Level
a - Pain                  Necr           96%        1d8       1%          1
b - Vampiric Draining     Necr           24%        2d7       3%          3

Your spell library contained the following spells:

 Spells                   Type           Power      Damage    Failure   Level
 Animate Skeleton         Necr           48%        N/A       1%          1
 Beastly Appendage        Tmut           20%        N/A       7%          1
 Animate Dead             Necr           12%        N/A       11%         4
 Agony                    Necr           24%        N/A       30%         5
 Statue Form              Tmut/Erth      4%         N/A       100%        6


Dungeon Overview and Level Annotations

Branches:
Dungeon (5/15)
 Temple: D:4-7

Altars:
Ashenzari
Fedhas
Uskayaw


Innate Abilities, Weirdness & Mutations

You are too large for most types of armour.
You have tough skin. (AC +1)


Message History

Aiming: Vampiric Draining (dangerous; 3% risk of failure)
Press: ? - help, Shift-Dir - straight line, f/p - iguana
Aim: an iguana (almost dead)
You draw life force from the iguana!
You kill the iguana!
You feel life coursing into your body. The hound skeleton bites you.
You sock the hound skeleton!
You destroy the hound skeleton!
Your Fighting skill increases to level 5!
There is an open door, spattered with blood here.
Items here: ) [ ††.
r - 2 scrolls labelled WOOMODGHOA (gained 1)
As you read the scroll labelled WOOMODGHOA, it crumbles to dust.
You hear a loud clanging noise!
It was a scroll of noise.
You hear a shout! x3; You hear an angry hiss.
You hear a shout!
A two-headed ogre opens the door.
There is an open door, spattered with blood here.
Items here: ) [ ††.
You close the door, pushing everything out of the way.
Things that are here:
a +0 leather armour; an iguana corpse You start resting.
A two-headed ogre opens the door.
It is wielding two +0 giant clubs.
Throw: 2 javelins (silver)
Press: ? - help, Shift-Dir - straight line, f - scorpion zombie
Aim: a scorpion zombie (79% to hit)
You throw a silver javelin.
The silver javelin pierces through the two-headed ogre but does no damage.
The two-headed ogre is lightly wounded.
The silver javelin pierces through the scorpion zombie but does no damage.
The scorpion zombie is lightly damaged.
The two-headed ogre hits you with a +0 giant club!
The two-headed ogre hits you with a +0 giant club!!
Okay, then.
Okay, then.
The two-headed ogre hits you with a +0 giant club!!
* * * LOW HITPOINT WARNING * * *
The two-headed ogre hits you with a +0 giant club!
You die...

#........###.
##.(...#......
#.............
###..............
#...............#
#.####.....####.#####
#.#..##...##..#......
#.#..Z##.##...#......
#.##@O.#.#...##....
#..##)'#.#')##..#
##...###(..###)..####+
#.....)..8....)....#..
#....###...###.....#..
#...##.)#)#'.##....#..
#..##...#.#...##.###..
#..#...##.##...#.###..
#..#[.##...##.?#..#...


You could see a two-headed ogre and a scorpion zombie.

Vanquished Creatures
  Sigmund (D:2)
  Menkaure (D:4)
  A black bear (D:5)
  3 necrophages
  An ogre (D:4)
  A centaur (D:5)
  A scorpion (D:5)
  A wyvern skeleton (D:5)
  A water moccasin skeleton (D:5)
  3 orc priests
  3 hounds
  A bullfrog skeleton (D:5)
  A gnoll shaman (D:5)
  Crazy Yiuf (D:3)
  Jessica (D:3)
  3 iguanas
  An orc wizard (D:5)
  A hound skeleton (D:5)
  Robin (D:3)
  3 adders
  An adder skeleton (D:4)
  A dart slug (D:2)
  21 orcs
  6 endoplasms
  4 giant cockroaches (D:1)
  13 goblins
  10 hobgoblins
  2 jackals (D:4)
  3 quokkas
  8 ball pythons
  5 bats (D:1)
  2 frilled lizards
  2 kobolds
  9 rats
117 creatures vanquished.

Notes
Turn   | Place    | Note
-------+----------+-------------------------------------------
     0 | D:1      | tizbic2 the Ogre Necromancer began the quest for the Orb.
     0 | D:1      | Reached XP level 1. HP: 16/16 MP: 3/3
   259 | D:1      | Reached XP level 2. HP: 21/26 MP: 5/5
   269 | D:1      | You fall into a shaft and drop 1 floor!
   451 | D:2      | Found a blossoming altar of Fedhas.
   820 | D:1      | Reached skill level 1 in Staves
   965 | D:1      | Reached XP level 3. HP: 25/32 MP: 7/7
  1010 | D:1      | Learned a level 3 spell: Vampiric Draining
  1074 | D:1      | Reached skill level 1 in Fighting
  1121 | D:1      | Found a faded altar of an unknown god.
  1247 | D:2      | Reached skill level 4 in Necromancy
  1325 | D:2      | Noticed Sigmund
  1335 | D:2      | Killed Sigmund
  1336 | D:2      | Reached XP level 4. HP: 42/42 MP: 8/8
  1336 | D:2      | Reached XP level 5. HP: 49/49 MP: 9/9
  1495 | D:2      | Reached XP level 6. HP: 48/58 MP: 8/10
  1681 | D:3      | Noticed Jessica
  1684 | D:3      | Killed Jessica
  1709 | D:3      | Found a broken altar of Ashenzari.
  1814 | D:3      | Found a runed translucent door.
  1815 | D:3      | Noticed Crazy Yiuf
  1822 | D:3      | Killed Crazy Yiuf
  1955 | D:3      | Found a hide-covered altar of Uskayaw.
  2178 | D:3      | Noticed Robin
  2209 | D:3      | Killed Robin
  2639 | D:4      | Noticed Menkaure
  2660 | D:4      | Killed Menkaure
  2661 | D:4      | Reached skill level 5 in Necromancy
  2661 | D:4      | Reached XP level 7. HP: 8/67 MP: 12/12
  3215 | D:4      | Got the Tome of the Stork
  3418 | D:5      | Entered Level 5 of the Dungeon
  3428 | D:5      | Reached XP level 8. HP: 78/78 MP: 14/14
  3612 | D:5      | Reached skill level 1 in Transmutations
  3647 | D:5      | Reached skill level 5 in Staves
  3647 | D:5      | Reached skill level 6 in Necromancy
  4230 | D:5      | Noticed a two-headed ogre
  4260 | D:5      | Reached skill level 5 in Fighting
  4279 | D:5      | Mangled by a two-headed ogre

Illustrated notes

Levels and vault maps discovered:
D:1:      tarquinn_simple_flora_water_e, layout_loops_cross,
          shapermc_ecumenical_altar_mp_vishouse
D:2:      layout_rooms, basic_altar, uniq_sigmund
D:3:      layout_loops_ring, lemuel_coloured_pillars_altar,
          mainiacjoe_overflow_24_doors, uniq_crazy_yiuf_cottage, uniq_jessica,
          uniq_robin
D:4:      layout_loops_ring, uniq_menkaure
D:5:      cheibrodos_barr_body, layout_gridville, nemelex_spade_bored_becter,
          nzn_overflow_gifts_of_might_and_magic,
          nicolae_concentric_dashed_squares_mild

Skill      XL: |  1  2  3  4  5  6  7  8 |
---------------+-------------------------+-----
Staves         | 1 2 3 4 5 |  5.6
Dodging        | 2 3 |  3.2
Fighting       | 2 3 5 |  5.0
Necromancy     | 4 5 6 |  6.4
Spellcasting   | 3 4 |  4.9
Transmutations | 1 |  1.9
Stealth        | |  1.4

Action                   |  1- 3 |  4- 6 |  7- 9 || total
-------------------------+-------+-------+-------++-------
Melee: Club              |    80 |    31 |       ||   111
       Unarmed           |     9 |       |       ||     9
       Punch             |     1 |       |       ||     1
       Quarterstaff      |       |    44 |   109 ||   153
Throw: Stone             |    31 |       |       ||    31
       Dart              |     4 |     3 |       ||     7
       Javelin           |     1 |     1 |     1 ||     3
 Cast: Pain              |     7 |     5 |     7 ||    19
       Vampiric Draining |     2 |    20 |    28 ||    50
  Use: Potion            |       |     3 |       ||     3
       Scroll            |       |       |     3 ||     3
 Stab: Sleeping          |     3 |       |     1 ||     4
       Paralysed         |       |       |     5 ||     5
Armor: Robe              |    49 |    20 |    31 ||   100
Dodge: Dodged            |    56 |    50 |    72 ||   178
